 Dungeon Crawl Stone Soup version 0.17-a0-977-g4154171 (webtiles) character file.

303 Hanyuu the Insei (level 6, -5/38 HPs)
             Began as an Octopode Transmuter on May 10, 2015.
             Engulfed by a cloud of flame (24 damage)
             ... on level 4 of the Dungeon.
             The game lasted 00:10:58 (4099 turns).

Hanyuu the Insei (Octopode Transmuter)              Turns: 4099, Time: 00:10:58

Health: -5/38      AC:  1    Str:  9    XL:     6   Next: 38%
Magic:  7/9        EV: 12    Int: 17    God:
Gold:   158        SH:  0    Dex: 13    Spells: 3 memorised, 3 levels left

rFire  . . .     SeeInvis .       - Unarmed
rCold  . . .     Clarity  .     (no shield)
rNeg   . . .     SustAb   .     (helmet restricted)
rPois  .         Gourm    .     (no amulet)
rElec  .         Spirit   .     (no ring)
rCorr  .         Warding  .     (no ring)
rMut   .         Stasis   .     (no ring)
MR     .....                    (no ring)
Stlth  ++........               (no ring)
                                (no ring)
                                (no ring)
                                (no ring)

@: not resistant to hostile enchantments, unstealthy
A: almost no armour, amphibious, 8 rings, constrict 8, camouflage 1, gelatinous
body 1
a: no special abilities


You were on level 4 of the Dungeon.
You were not hungry.

You visited 1 branch of the dungeon, and saw 4 of its levels.

You collected 158 gold pieces.

Inventory:

Missiles
 a - 64 arrows
 m - 18 poisoned needles
 n - a throwing net (quivered)
Magical devices
 s - a wand of digging (24)
Scrolls
 e - 2 scrolls of enchant weapon
 q - a scroll of identify
 r - a scroll of enchant armour {unknown}
 u - a scroll of fog {unknown}
Potions
 g - a potion of might
 h - a potion of berserk rage
 i - a potion of brilliance
 j - 2 potions of curing
 l - a potion of lignification
 p - a potion of flight
 t - a potion of invisibility
Books
 b - a book of Changes

   Spells                             Type                      Level
   a - Beastly Appendage              Transmutation                1
   b - Sticks to Snakes               Transmutation                2
   c - Spider Form                    Transmutation/Poison         3
   d - Ice Form                       Ice/Transmutation            4
   e - Blade Hands                    Transmutation                5
Comestibles
 c - 2 bread rations
 d - 5 meat rations
 f - a beef jerky
 k - 8 chunks of flesh
 o - a royal jelly


   Skills:
 - Level 1.0 Fighting
 - Level 2.0 Dodging
 * Level 6.2 Unarmed Combat
 - Level 2.0 Spellcasting
 + Level 3.5 Transmutations


You had 3 spell levels left.
You knew the following spells:

 Your Spells              Type           Power        Failure   Level  Hunger
a - Beastly Appendage     Trmt           ##....       4%          1    #......
b - Sticks to Snakes      Trmt           ##........   10%         2    ###....
c - Spider Form           Trmt/Pois      #.........   30%         3    ###....


Dungeon Overview and Level Annotations

Branches:
Dungeon (4/15)
 Temple: D:4-7

Altars:
Dithmenos
Kikubaaqudgha
Qazlal
Trog
Zin

Annotations:
D:3 Grinder


Innate Abilities, Weirdness & Mutations

You cannot wear most types of armour.
You are amphibious.
You can wear up to eight rings at the same time.
You can use your tentacles to constrict eight enemies at once.
Your skin changes colour to match your surroundings (Stealth).
Your rubbery body absorbs attacks (AC +1).


Message History

You bite the ogre!
You kill the ogre!
Things that are here:
a giant club; an ogre corpse You butcher the ogre corpse.
k - 9 chunks of flesh (gained 6)
You see here a giant club.
There is a stone staircase leading down here.
Your transformation has ended.
Found a cloak.
Found 22 sling bullets.
Really walk into a travel-excluded area?
Really walk into that cloud of flame?
You are engulfed in roaring flames.
Some of the chunks of flesh in your inventory have rotted away.
You see here a scroll of identify.
q - a scroll of identify You are engulfed in roaring flames.
Ouch! That really hurt!
You die...

#...# #.# #.
#..>########.# #.
#............# ####.
##.######...## #....
#.# §§# #.### #.# §#
#.# #.# # #.#
#.######...######.#
##.#.@§§..$$.§§§.#.#
#....§§§..$..§§§...#
##.#.§§§.$(..§§§...#
########...######.#
§§# #.# §# #)# # #.#
##.##### .. #.#
#.##......##.# #.#


There were no monsters in sight!

Vanquished Creatures
  An ogre (D:4)
  Terence (D:3)
  An iguana (D:4)
  A worker ant (D:4)
  Robin (D:3)
  6 adders
  3 oozes
  2 giant geckos
  An orc (D:3)
  6 giant cockroaches
  20 goblins
  9 hobgoblins
  5 jackals (D:1)
  2 quokkas
  10 bats
  2 giant newts
  5 kobolds
  8 rats
84 creatures vanquished.

Notes
Turn   | Place    | Note
--------------------------------------------------------------
     0 | D:1      | Hanyuu, the Octopode Transmuter, began the quest for the Orb.
     0 | D:1      | Reached XP level 1. HP: 13/13 MP: 3/3
    78 | D:1      | Reached XP level 2. HP: 8/18 MP: 5/5
   455 | D:1      | Learned a level 2 spell: Sticks to Snakes
   483 | D:1      | Reached skill level 4 in Unarmed Combat
   491 | D:1      | Reached XP level 3. HP: 17/23 MP: 6/6
   496 | D:1      | Learned a level 3 spell: Spider Form
  1264 | D:2      | Reached XP level 4. HP: 24/28 MP: 7/7
  1585 | D:2      | Reached skill level 5 in Unarmed Combat
  2296 | D:3      | Noticed Grinder
  2303 | D:3      | Paralysed by Grinder for 4 turns
  2418 | D:3      | Noticed Robin
  2430 | D:3      | Killed Robin
  2430 | D:3      | Reached XP level 5. HP: 17/33 MP: 5/8
  2879 | D:3      | Noticed Terence
  2884 | D:3      | Killed Terence
  2964 | D:3      | Found a stormy altar of Qazlal.
  2967 | D:3      | Found a bloodstained altar of Trog.
  2967 | D:3      | Found a shadowy altar of Dithmenos.
  2967 | D:3      | Found an ancient bone altar of Kikubaaqudgha.
  2967 | D:3      | Found a glowing silver altar of Zin.
  4027 | D:4      | Reached skill level 6 in Unarmed Combat
  4027 | D:4      | Reached XP level 6. HP: 36/38 MP: 2/9
  4070 | D:4      | Noticed an ogre
  4076 | D:4      | Killed an ogre
  4099 | D:4      | Engulfed by a cloud of flame

Vault maps used:
D:1:      scummos_arrival_star
D:2:      serial_co_window_serial, co_window_of_opportunity_a,
          co_window_paths_b, co_window_of_opportunity_a,
          co_window_of_opportunity_a, co_window_paths_b, co_window_2corner,
          co_window_paths_c, co_window_corner_cb, co_window_4corner_b,
          co_window_paths_d, glass_columns_b, glass_columns_c, glass_columns_a,
          glass_columns_b, glass_columns_a, first_bread
D:3:      minitemple, uniq_terence, uniq_robin, uniq_grinder
D:4:      lemuel_flame_loot_1

Action                   |  1- 3 |  4- 6 || total
-------------------------+-------+-------++-------
Melee: Unarmed           |    72 |   107 ||   179
 Cast: Beastly Appendage |     1 |     1 ||     2
       Spider Form       |       |     5 ||     5
  Use: Scroll            |     1 |    11 ||    12
 Stab: Sleeping          |     1 |     4 ||     5
  Eat: Chunk             |     1 |    10 ||    11
